 Dungeon Crawl Stone Soup version 0.31-a0-795-g5eb97db20b (webtiles) character file.

Game seed: 7116175812993663166

3031 pokeman the Thaumaturge (level 9, -2/49 HPs)
             Began as a Deep Elf Hedge Wizard on Sept 18, 2023.
             Was a Believer of Vehumet.
             Slain by a water moccasin (7 damage)
             ... on level 8 of the Dungeon.
             The game lasted 00:19:53 (6733 turns).

pokeman the Thaumaturge (Deep Elf Hedge Wizard)     Turns: 6733, Time: 00:19:54

Health: -2/49      AC: 11    Str: 13    XL:     9   Next: 56%
Magic:  25/26      EV: 13    Int: 24    God:    Vehumet [**....]
Gold:   405        SH:  0    Dex: 14    Spells: 22/31 levels left

rFire   . . .        G - +1 orcbow (drain)
rCold   . . .        (shield currently unavailable)
rNeg    . . .        b - +0 robe
rPois   .            o - +2 helmet
rElec   .            (no cloak)
rCorr   .            H - +0 pair of gloves
SInv    .            v - +0 pair of boots
Will    .....        a - amulet of magic regeneration
Stlth   +            k - +6 ring of strength
HPRegen 0.28/turn    h - +4 ring of protection
MPRegen 0.60/turn

%: no passive effects
@: silenced
A: no striking features
a: Renounce Religion


You were on level 8 of the Dungeon.
You worshipped Vehumet.
Vehumet was pleased with you.
You visited 2 branches of the dungeon, and saw 9 of its levels.

You collected 405 gold pieces.

Inventory:

Hand Weapons
 G - a +1 orcbow of draining (weapon)
 L - a +2 whip of electrocution
Missiles
 y - 2 throwing nets
 N - a curare-tipped dart
Armour
 b - a +0 robe (worn)
 o - a +2 helmet (worn)
 v - a +0 pair of boots (worn)
 H - a +0 pair of gloves (worn)
 J - a +0 kite shield
Magical Staves
 g - a staff of air
 n - a staff of earth
 r - a staff of conjuration
Jewellery
 a - an amulet of magic regeneration (around neck)
 h - a +4 ring of protection (right hand)
 k - a +6 ring of strength (left hand)
 C - a ring of positive energy
 M - a +6 ring of strength
Wands
 q - a wand of flame (19)
 E - a wand of roots (2)
 F - a wand of charming (25)
Scrolls
 j - 12 scrolls of identify {unknown}
 l - 4 scrolls of teleportation {unknown}
 m - 3 scrolls of noise {unknown}
 p - a scroll of revelation {unknown}
 u - a scroll of immolation
 w - a scroll of acquirement {unknown}
 x - 4 scrolls of amnesia {unknown}
 D - a scroll of vulnerability {unknown}
 I - a scroll of torment {unknown}
Potions
 d - a potion of magic
 e - 2 potions of heal wounds
 f - 2 potions of haste {unknown}
 i - 4 potions of curing {unknown}
 s - a potion of lignification {unknown}
 t - a potion of brilliance {unknown}
 z - a potion of ambrosia {unknown}
 A - a potion of degeneration {unknown}
 B - 2 potions of attraction {unknown}
 K - a potion of mutation {unknown}
 O - a potion of cancellation {unknown}


   Skills:
 + Level 2.8 Fighting
 - Level 3.3 Armour
 - Level 3.0 Dodging
 - Level 3.1 Stealth
 * Level 11.8 Spellcasting
 + Level 6.5 Conjurations
 - Level 1.1 Summonings
 - Level 1.1 Translocations
 + Level 2.4 Fire Magic
 - Level 1.3 Air Magic
 - Level 5.1 Earth Magic
 - Level 1.0 Poison Magic
 - Level 1.0 Evocations


You had 22 spell levels left.
You knew the following spells:

 Your Spells              Type           Power      Damage    Failure   Level
a - Magic Dart            Conj           100%       1d8       1%          1
b - Mephitic Cloud        Conj/Pois/Air  28%        N/A       4%          3
c - Call Imp              Summ           38%        N/A       4%          2
d - Blink                 Tloc           38%        N/A       4%          2
e - Foxfire               Conj/Fire      100%       2x1d9     1%          1

Your spell library contained the following spells:

 Spells                   Type           Power      Damage    Failure   Level
 Searing Ray              Conj           90%        2d7       1%          2
 Slow                     Hex            56%        N/A       4%          1
 Cigotuvi's Dreadful Rot  Necr/Pois/Air  34%        N/A       4%          2
 Fulminant Prism          Conj/Hex       14%        3d9       12%         4
 Arcjolt                  Conj/Air       16%        1d26      24%         5
 Vhi's Electric Charge    Tloc/Air       40%        N/A       26%         4
 Maxwell's Capacitive Co  Air            10%        ∞         100%        8


Dungeon Overview and Level Annotations

Branches:
Dungeon (8/15)             Temple (1/1) D:4            Lair (0/5) D:8

Altars:
Ashenzari
Cheibriados
Dithmenos
Elyvilon
Fedhas
Gozag
Hepliaklqana
Makhleb
Nemelex Xobeh
Qazlal
Ru
Uskayaw
Vehumet
Wu Jian
Xom
Yredelemnul
The Shining One

Shops:
D:4 (   D:7 :

Annotations:
D:7 1 runed translucent door, Sundig's ghost, novice MiFi


Message History

The vampire bat barely misses you. The bat hits you but does no damage.
The vampire bat misses you. The bat barely misses you.
The water moccasin barely misses you.
Something barely misses the ice beast.
The gnoll barely misses you.
A gnoll comes into view. It is wielding a +0 halberd.
The vampire bat bites you but does no damage.
The water moccasin bites you.
* * * LOW HITPOINT WARNING * * *
A bat comes into view.
The bat barely misses you.
The howler monkey hits the ice beast but does no damage.
The bat hits you but does no damage.
The bat moves out of view.
Unknown command.
A bat comes into view.
The bat misses you. The bat hits you but does no damage.
The bat moves out of view.
You see here a bat corpse.
Unknown command.
The water moccasin bites you.
* * * LOW HITPOINT WARNING * * *
Unknown command.
The bat hits you.
* * * LOW HITPOINT WARNING * * *
The bat attacks as it pursues you! The bat closely misses you.
The bat misses you.
Unknown command.
You shoot an arrow. The arrow closely misses the bat.
The arrow hits the bat!
You kill the bat!
Vehumet accepts your kill.
The bat hits you but does no damage. x2; The bat closely misses you.
Unknown command.
You shoot an arrow. The arrow misses the bat.
The bat hits you but does no damage. The bat closely misses you. x2
The bat barely misses you. The bat hits you but does no damage. x2
Unknown command.
You shoot an arrow. The arrow closely misses the bat.
The arrow barely misses the bat.
The bat barely misses you. The bat hits you but does no damage.
The water moccasin closely misses you. The bat barely misses you.
The water moccasin bites you!
You die...

....## #.. #...†#.#
....# ..## ###.#
##.#.Y... ....# ...
##...## ##.......#
....## ##..# #.....#
##...†..... #....##
#...# ..... #h.....#[..
###...# #..# ....
##.......... #...###.##
#b. ##.K.........
###.......## #b#
#.hg...#...##
#...#####..##
#@####Y.g......... #.###
##..###S##.Y......###...
### ###..bbg.ggY..####
.## ##...###g.### #.###
#### #.# #.# #.. ...


You could see a water moccasin, a gnoll bouda, a vampire bat and 3 bats.

Vanquished Creatures
  A rime drake (D:8)
  A shadow (D:7)
  A steam dragon (D:7)
  2 black bears
  5 ice beasts
  3 ogres
  2 wolves (D:8)
  A centaur (D:6)
  2 phantoms
  A kobold brigand (D:7)
  2 bullfrogs (D:6)
  A gnoll sergeant (D:6)
  2 scorpions
  3 howler monkeys
  3 jellies
  An orc priest (D:5)
  A hound (D:4)
  A sleepcap (D:5)
  2 orc wizards
  5 iguanas
  4 gnolls
  9 adders
  3 white imps
  An ufetubus (D:7)
  4 dart slugs
  20 orcs
  7 endoplasms
  2 giant cockroaches
  8 hobgoblins
  4 jackals (D:3)
  10 kobolds
  3 quokkas
  5 ball pythons (D:3)
  10 bats
  7 frilled lizards
  9 goblins
  7 rats
153 creatures vanquished.

Vanquished Creatures (collateral kills)
  A scorpion (D:5)
1 creature vanquished.

Vanquished Creatures (others)
  A scorpion (D:5)
  72 foxfires
73 creatures vanquished.

Grand Total: 227 creatures vanquished

Notes
Turn   | Place    | Note
-------+----------+-------------------------------------------
     0 | D:1      | pokeman the Deep Elf Hedge Wizard began the quest for the
                  | Orb.
     0 | D:1      | Reached XP level 1. HP: 10/10 MP: 7/7
   201 | D:1      | Reached XP level 2. HP: 15/15 MP: 9/9
  1024 | D:2      | Reached skill level 5 in Spellcasting
  1024 | D:2      | Reached XP level 3. HP: 15/20 MP: 6/11
  1028 | D:2      | Learned a level 3 spell: Mephitic Cloud
  1031 | D:2      | Learned a level 2 spell: Call Imp
  1034 | D:2      | Learned a level 2 spell: Blink
  1299 | D:2      | Reached skill level 1 in Armour
  1814 | D:3      | Reached skill level 1 in Fighting
  1998 | D:3      | Reached XP level 4. HP: 21/25 MP: 7/13
  2233 | D:3      | Found a burning altar of Makhleb.
  2584 | D:4      | Found a staircase to the Ecumenical Temple.
  2586 | D:4      | Found Keogij's Weapon Shoppe.
  2593 | Temple   | Entered the Ecumenical Temple
  2598 | Temple   | Became a worshipper of Vehumet
  2629 | D:4      | Reached skill level 6 in Spellcasting
  2629 | D:4      | Reached XP level 5. HP: 24/29 MP: 9/15
  2853 | D:4      | Reached skill level 1 in Earth Magic
  2853 | D:4      | Reached skill level 1 in Poison Magic
  2853 | D:4      | Reached skill level 1 in Evocations
  2956 | D:4      | Noticed a black bear
  2970 | D:4      | Killed a black bear
  2971 | D:4      | Reached skill level 1 in Air Magic
  2971 | D:4      | Reached XP level 6. HP: 24/34 MP: 13/17
  3177 | D:4      | Reached skill level 7 in Spellcasting
  3195 | D:5      | Entered Level 5 of the Dungeon
  3227 | D:5      | Reached XP level 7. HP: 28/38 MP: 12/19
  3470 | D:5      | Reached skill level 8 in Spellcasting
  3978 | D:5      | Found a white marble altar of Elyvilon.
  3978 | D:5      | Found a hazy altar of Hepliaklqana.
  3983 | D:5      | Reached XP level 8. HP: 44/44 MP: 20/22
  3991 | D:5      | Found a faded altar of an unknown god.
  3993 | D:5      | Found a snail-covered altar of Cheibriados.
  3995 | D:5      | Found a faded altar of an unknown god.
  4282 | D:6      | Reached skill level 9 in Spellcasting
  4410 | D:6      | Reached * piety under Vehumet
  4410 | D:6      | Offered knowledge of Sandblast by Vehumet.
  4422 | D:6      | Reached skill level 5 in Conjurations
  4811 | D:6      | Found a sacrificial altar of Ru.
  4854 | D:6      | Reached skill level 10 in Spellcasting
  4999 | D:6      | Found an ornate altar of the Wu Jian Council.
  5622 | D:7      | Reached XP level 9. HP: 15/48 MP: 21/25
  5790 | D:7      | Found a runed translucent door.
  5792 | D:7      | Noticed Sundig's ghost (novice MiFi)
  5872 | D:7      | Offered knowledge of Foxfire by Vehumet.
  5874 | D:7      | Reached ** piety under Vehumet
  5882 | D:7      | Learned a level 1 spell: Foxfire
  6039 | D:7      | Reached skill level 5 in Earth Magic
  6040 | D:7      | Found Goug Fai's Book Boutique.
  6086 | D:7      | Reached skill level 11 in Spellcasting
  6668 | D:8      | Reached skill level 1 in Fire Magic
  6689 | D:8      | Found a staircase to the Lair.
  6689 | D:8      | Noticed a rime drake
  6704 | D:8      | Killed a rime drake
  6733 | D:8      | Slain by a water moccasin

Illustrated notes

Levels and vault maps discovered:
D:1:      lemuel_arrival_broad_hall, layout_basic, minmay_lizard_king
D:2:      layout_basic
D:3:      layout_basic, general_overflow_altar, minmay_fractal_squares_5
D:4:      layout_rooms, minmay_temple_entry_overgrown, serial_shops, shop
D:5:      layout_basic, chequers_temple_overflow_minitemple
D:6:      minmay_general_purpose_star, layout_loops_corners,
          nicolae_wu_jian_immortal_techniques, mainiacjoe_overflow_brackets,
          minmay_bent
D:7:      layout_loops_ring, ebering_ghost_inner_flame, serial_shops,
          nicolae_shop_just_a_little_nook
D:8:      layout_cave_pods, kennysheep_orc_sif_temple,
          overflow_temple_1_default, amcnicky_altar_gilded,
          hellmonk_lair_entry_icy, gammafunk_ghost_hive,
          kennysheep_another_room, roderic_batcave
Temple:   hellmonk_temple_of_storms

Skill      XL: |  1  2  3  4  5  6  7  8  9 |
---------------+----------------------------+-----
Spellcasting   | 5 6 7 8 10 11 | 11.8
Armour         | 1 3 |  3.3
Conjurations   | 2 3 4 5 6 |  6.5
Fighting       | 1 2 |  2.8
Dodging        | 3 |  3.0
Stealth        | 3 |  3.1
Earth Magic    | 1 2 3 4 5 |  5.1
Poison Magic   | 1 |  1.0
Evocations     | 1 |  1.0
Air Magic      | 1 |  1.3
Fire Magic     | 2 |  2.4
Summonings     | |  1.1
Translocations | |  1.1

Action                     |  1- 3 |  4- 6 |  7- 9 || total
---------------------------+-------+-------+-------++-------
  Melee: Dagger            |     8 |    21 |    41 ||    70
         Punch             |       |       |     1 ||     1
   Fire: Orcbow            |       |       |    54 ||    54
   Cast: Magic Dart        |   122 |   108 |   158 ||   388
         Mephitic Cloud    |       |     7 |    28 ||    35
         Call Imp          |       |       |     4 ||     4
         Blink             |       |       |     3 ||     3
         Foxfire           |       |       |    49 ||    49
  Evoke: Wand              |       |       |     2 ||     2
    Use: Potion            |       |       |     1 ||     1
         Scroll            |       |       |     1 ||     1
   Stab: Sleeping          |     1 |       |       ||     1
         Confused          |       |     4 |     4 ||     8
         Distracted        |       |       |     1 ||     1
 Armour: Robe              |    14 |    20 |   112 ||   146
  Dodge: Dodged            |    21 |    31 |   126 ||   178

Table legend: (Time is in decaauts)
 A = Elapsed time spent in this place.
 B = Non-inter-level travel time spent in this place.
 C = Inter-level travel time spent in this place.
 D = Time resting spent in this place.
 E = Time spent auto-exploring this place.
 F = Levels seen in this place.
 G = Mean time per level.
                   A        B        C        D        E       F      G
               +--------+--------+--------+--------+--------+-----+--------+
         Total |   6767 |   6588 |    179 |    131 |   5297 |   9 |  751.9 |
       Dungeon |   6756 |   6577 |    179 |    131 |   5297 |   8 |  844.5 |
        Temple |     10 |     10 |      0 |      0 |      0 |   1 |   10.0 |
               +--------+--------+--------+--------+--------+-----+--------+

Top non-repeatable levels by time:
     D:6: 1349 daAuts
     D:7: 1121 daAuts
     D:1: 1017 daAuts
     D:5: 920 daAuts
     D:3: 893 daAuts
     D:2: 642 daAuts
     D:4: 629 daAuts
     D:8: 182 daAuts
  Temple: 10 daAuts
